 Dungeon Crawl Stone Soup version 0.31.0-11-ge490571c62 (webtiles) character file.

Game seed: 10939409505176453491

98 SnakkuSnakku7 the Slasher (level 4, 0/30 HPs)
             Began as a Merfolk Conjurer on Feb 1, 2024.
             Slain by Jessica
             ... wielding a +0 club
              (3 damage)
             ... on level 2 of the Dungeon.
             The game lasted 00:03:20 (1404 turns).

SnakkuSnakku7 the Slasher (Merfolk Conjurer)        Turns: 1404, Time: 00:03:21

Health: 0/30       AC:  3    Str:  7    XL:     4   Next: 69%
Magic:  1/7        EV: 15    Int: 17    God:
Gold:   89         SH:  0    Dex: 14    Spells: 6/7 levels left

rFire   . . .        a - +0 long sword
rCold   . . .        (no shield)
rNeg    . . .        g - +0 robe
rPois   .            k - +0 helmet
rElec   .            (no cloak)
rCorr   .            (no gloves)
SInv    .            (boots currently unavailable)
Will    .....        (no amulet)
Stlth   +++          (no ring)
HPRegen 0.25/turn    (no ring)
MPRegen 0.10/turn

%: no passive effects
@: attractive, very quick
A: nimble swimmer 2, mertail
a: no special abilities


You were on level 2 of the Dungeon.
You visited 1 branch of the dungeon, and saw 2 of its levels.

You collected 89 gold pieces.

Inventory:

Hand Weapons
 a - a +0 long sword (weapon)
 d - a +0 short sword
Missiles
 j - 2 poisoned darts
Armour
 g - a +0 robe (worn)
 k - a +0 helmet (worn)
Talismans
 c - a flux talisman
Scrolls
 f - a scroll of enchant armour {unknown}
 h - a scroll of amnesia {unknown}
Potions
 b - a potion of magic
 i - a potion of haste {unknown}


   Skills:
 + Level 3.8 Long Blades
 - Level 2.6 Dodging
 - Level 2.1 Stealth
 - Level 2.0 Spellcasting
 - Level 3.2 Conjurations
 - Level 3.0 Shapeshifting


You had 6 spell levels left.
You knew the following spells:

 Your Spells              Type           Power      Damage    Failure   Level
a - Magic Dart            Conj           48%        1d5       4%          1

Your spell library contained the following spells:

 Spells                   Type           Power      Damage    Failure   Level
 Searing Ray              Conj           24%        2d5       8%          2
 Mercury Vapours          Alch/Air       2%         N/A       28%         2
 Hailstorm                Conj/Ice       7%         3d5       30%         3
 Mephitic Cloud           Conj/Alch/Air  5%         N/A       36%         3
 Call Canine Familiar     Summ           1%         N/A       50%         3
 Sigil of Binding         Hex            1%         N/A       50%         3
 Summon Ice Beast         Ice/Summ       1%         N/A       50%         3
 Fulminant Prism          Conj/Alch      3%         3d5       69%         4
 Iskenderun's Mystic Bla  Conj/Tloc      7%         2d4       69%         4
 Dimensional Bullseye     Hex/Tloc       0%         N/A       88%         4
 Freezing Cloud           Conj/Ice/Air   2%         6-21      98%         5
 Sculpt Simulacrum        Ice/Alch       0%         N/A       100%        6


Dungeon Overview and Level Annotations

Branches:
Dungeon (2/15)

Altars:

Annotations:
D:2 Jessica


Innate Abilities, Weirdness & Mutations

You are very nimble when in or above water. (Stealth+, EV+, Speed+++)
Your lower body shifts to a powerful aquatic tail in water.


Message History

The endoplasm is heavily wounded.
The endoplasm freezes you.
You are frozen.
* * * LOW HITPOINT WARNING * * *
The adder barely misses you.
Unknown command.
Aiming: Magic Dart (safe; 4% risk of failure)
Press: ? - help, Q - select action, (/) - cycle Shift-Dir - straight line, f/p - adder
Aim: an adder (heavily wounded, 100% to hit)
The magic dart hits the adder.
The adder is severely wounded.
The adder completely misses you. The endoplasm barely misses you.
Aiming: Magic Dart (safe; 4% risk of failure)
Press: ? - help, Q - select action, (/) - cycle Shift-Dir - straight line, f/p - adder
Aim: an adder (severely wounded, 100% to hit)
The magic dart hits the adder.
The adder is almost dead.
The adder bites you but does no damage.
The endoplasm splashes around in the water.
The adder barely misses you.
Aiming: Magic Dart (safe; 4% risk of failure)
Press: ? - help, Q - select action, (/) - cycle Shift-Dir - straight line, f/p - adder
Aim: an adder (almost dead, 100% to hit)
The magic dart hits the adder.
You kill the adder!
The endoplasm freezes you.
You are frozen.
* * * LOW HITPOINT WARNING * * *
You barely miss the endoplasm.
The endoplasm is heavily wounded.
Jessica barely misses you. The endoplasm freezes you.
You are frozen.
* * * LOW HITPOINT WARNING * * *
Jessica completely misses you.
The endoplasm hits you but does no damage.
It was a potion of attraction.
You feel attractive to monsters. Jessica hits you with a +0 club.
You die...

#...# #... ##.## .# ###. #.# #.#
##♣ #.# #.# #~~ #J# #.# #♣~~ #§#
#.# ##~~~ #.# #.# #~~~~
#########.###.####♣♣~~~
#.....@@...........~~♣~ #
#.#...~J......####♣♣~~~
+.######.#.#~~~~...##.....♣~~~
#...........~♣~~#.#.#.##♣♣♣~~≈
##.#####...#.#P..#.##..##♣~~~≈≈
##....#...................♣~~≈≈≈
#.............##>##.##.....~~≈≈≈
###.#.#.......###.#.......♣♣~)≈≈
#.#.###...### ##<.......♣~~~)≈


You could see Jessica (fast) and an endoplasm.

Vanquished Creatures
  Robin (D:2)
  2 adders (D:2)
  A ribbon worm (D:2)
  A dart slug (D:1)
  6 ball pythons
  5 bats (D:1)
  3 endoplasms
  6 giant cockroaches
  13 goblins
  5 hobgoblins
  2 jackals (D:1)
  4 kobolds
  2 quokkas (D:1)
  2 frilled lizards
  3 rats (D:1)
56 creatures vanquished.

Notes
Turn   | Place    | Note
-------+----------+-------------------------------------------
     0 | D:1      | SnakkuSnakku7 the Merfolk Conjurer began the quest for the
                  | Orb.
     0 | D:1      | Reached XP level 1. HP: 13/13 MP: 3/3
    45 | D:1      | Reached skill level 1 in Shapeshifting
   158 | D:1      | Reached XP level 2. HP: 19/19 MP: 0/5
   372 | D:1      | Reached XP level 3. HP: 21/24 MP: 6/6
   435 | D:1      | Reached skill level 1 in Long Blades
   892 | D:2      | Noticed Robin
   914 | D:2      | Reached XP level 4. HP: 29/30 MP: 7/7
  1276 | D:2      | Killed Robin
  1379 | D:2      | Noticed Jessica
  1404 | D:2      | Slain by Jessica

Illustrated notes

Levels and vault maps discovered:
D:1:      eino_arrival_cavern_b, layout_basic
D:2:      layout_loops_ring, hellmonk_ecumenical_altar_arch_garden,
          serial_bayou, serial_bayou_lake_a, serial_bayou_shore_b,
          serial_bayou_pond_d, serial_bayou_pond_a, dk_noncrumbling_4,
          grunt_ministairs_6, uniq_robin, uniq_jessica

Skill      XL: |  1  2  3  4 |
---------------+-------------+-----
Shapeshifting  | 1 3 |  3.0
Long Blades    | 2 3 |  3.8
Dodging        | |  2.6
Stealth        | |  2.1
Spellcasting   | |  2.0
Conjurations   | |  3.2

Action                     |  1- 3 |  4- 6 || total
---------------------------+-------+-------++-------
  Melee: Short sword       |    53 |       ||    53
         Unarmed           |     6 |       ||     6
         Long sword        |    56 |    55 ||   111
         Punch             |     3 |     1 ||     4
         Tailslap          |       |     3 ||     3
   Cast: Magic Dart        |    21 |     6 ||    27
    Use: Potion            |       |     1 ||     1
   Stab: Sleeping          |     2 |       ||     2
 Armour: Robe              |    87 |    35 ||   122
  Dodge: Dodged            |   105 |    47 ||   152
   Form: Flux              |     2 |       ||     2
                           |     1 |       ||     1
